 Dungeon Crawl Stone Soup version 0.20.1-1-g8b1a95d (webtiles) character file.

702 Kerbtree the Frost Mage (level 7, -3/55 HPs)
             Began as a Naga Ice Elementalist on July 27, 2017.
             Slain by a sky beast (6 damage)
             ... on level 5 of the Dungeon.
             The game lasted 00:12:00 (4478 turns).

Kerbtree the Frost Mage (Naga Ice Elementalist)     Turns: 4478, Time: 00:12:02

Health: -3/55      AC:  4    Str:  8 (10) XL:     7   Next: 66%
Magic:  1/17       EV: 10    Int: 15 (17) God:
Gold:   320        SH:  0    Dex: 11 (12) Spells: 10/20 levels left

rFire    + . .     SeeInvis +   w - +1 trident
rCold    . . .     Gourm    .   (no shield)
rNeg     + + .     Faith    .   e - +0 robe {rN+}
rPois    +         Spirit   .   q - +0 helmet
rElec    .         Reflect  .   (no cloak)
rCorr    .         Harm     .   (no gloves)
MR       .....                  (no barding)
Stlth    ++........             (no amulet)
Regen    0.2/turn               h - ring of protection from fire
MPRegen  0.2/turn               l - ring of positive energy

@: very slow
A: see invisible, deformed body, poison resistance, slowness 2, slow metabolism
1, spit poison 1, AC +2
a: Spit Poison


You were on level 5 of the Dungeon.
You were not hungry.

You visited 1 branch of the dungeon, and saw 5 of its levels.

You collected 320 gold pieces.

Inventory:

Hand Weapons
 w - a +1 trident (weapon)
Armour
 e - a +0 robe of positive energy (worn)
 i - a +2 shield
 q - a +0 helmet (worn)
Jewellery
 h - a ring of protection from fire (left hand)
 l - a ring of positive energy (right hand)
Wands
 f - a wand of iceblast (3/15)
Scrolls
 a - 2 scrolls of identify
 d - a scroll of enchant weapon
 g - a scroll of amnesia
 j - 3 scrolls of remove curse
 o - 2 scrolls of enchant armour
Potions
 k - a potion of brilliance
Books
 b - a book of Frost

   Spells                             Type                      Level
   a - Freeze                         Ice                          1
   b - Throw Frost                    Conjuration/Ice              2
   c - Ozocubu's Armour               Charms/Ice                   3
   d - Throw Icicle                   Conjuration/Ice              4
   e - Summon Ice Beast               Ice/Summoning                4
Comestibles
 c - 4 bread rations
 m - 11 fruits
 p - a meat ration
 s - 3 chunks of flesh


   Skills:
 - Level 1.5 Dodging
 - Level 3.0 Stealth
 + Level 7.1 Spellcasting
 + Level 7.5 Conjurations
 + Level 8.0 Ice Magic


You had 10 spell levels left.
You knew the following spells:

 Your Spells              Type           Power        Failure   Level  Hunger
a - Freeze                Ice            ####         1%          1    None
b - Throw Frost           Conj/Ice       ####..       1%          2    None
c - Throw Icicle          Conj/Ice       ####....     5%          4    ####...
d - Ozocubu's Armour      Chrm/Ice       ###.....     8%          3    ##.....


Dungeon Overview and Level Annotations

Branches:
Dungeon (5/15)             Temple (0/1) D:5

Altars:
Hepliaklqana
Okawaru
Xom
Zin


Innate Abilities, Weirdness & Mutations

You cannot wear boots.
Your serpentine skin is tough. (AC +2)
You have supernaturally acute eyesight. (SInv)
Armour fits poorly on your strangely shaped body.
Your system is resistant to poisons. (rPois)
You cover ground very slowly.
You have a slow metabolism.
You can spit poison.


Message History

The sky beast is lightly wounded.
The sky beast hits you. The sky beast shocks you.
* * * LOW HITPOINT WARNING * * *
You hit the sky beast but do no damage.
The sky beast is lightly wounded.
You have got your breath back.
The sky beast barely misses you.
The sky beast flickers out of sight for a moment.
The sky beast hits you.
* * * LOW HITPOINT WARNING * * *
The sky beast shocks you.
* * * LOW HITPOINT WARNING * * *
Okay, then.
It was a potion of degeneration.
There was something very wrong with that liquid.
You feel weakened.
You feel dopey.
You feel clumsy. The sky beast hits you.
* * * LOW HITPOINT WARNING * * *
The sky beast shocks you.
You die...

# #.. #. ... #.# #Y.
#.###.#########
###.....#.......#
........#§......#
#.#.#.#≈#.§.....# #
.......?Y@§.....# .#
......#.#†......# .>
........#.......###.#
#.##
..>...#.#...........#
#...
........####.###.##.#
#.## ......#.# #.#
#.# ... ......... #.#
#.# #.# #.#.#.#.. #.#
#.# #.# #. #.# #.#


You could see a sky beast (invisible).

Vanquished Creatures
  Edmund (D:5)
  An ogre (D:4)
  2 scorpions (D:4)
  A bullfrog skeleton (D:4)
  An orc priest (D:4)
  Jessica (D:3)
  A worker ant (D:5)
  7 gnolls
  7 adders
  An ooze (D:2)
  An adder zombie (D:4)
  2 worms
  2 leopard geckos
  4 orcs
  6 giant cockroaches
  6 goblins
  5 hobgoblins
  7 jackals
  8 kobolds
  3 quokkas
  7 bats
  10 frilled lizards
  2 leopard gecko skeletons (D:4)
  8 rats
94 creatures vanquished.

Notes
Turn   | Place    | Note
-------+----------+-------------------------------------------
     0 | D:1      | Kerbtree the Naga Ice Elementalist began the quest for the Orb.
     0 | D:1      | Reached XP level 1. HP: 15/15 MP: 3/3
   268 | D:1      | Reached XP level 2. HP: 22/22 MP: 3/5
   285 | D:1      | Learned a level 2 spell: Throw Frost
   835 | D:2      | Reached XP level 3. HP: 28/28 MP: 4/6
   977 | D:2      | Reached XP level 4. HP: 22/36 MP: 0/8
  1078 | D:2      | Reached skill level 7 in Ice Magic
  1078 | D:2      | Reached XP level 5. HP: 42/42 MP: 9/14
  1084 | D:2      | Learned a level 4 spell: Throw Icicle
  1088 | D:2      | Learned a level 3 spell: Ozocubu's Armour
  1441 | D:2      | Found an iron altar of Okawaru.
  2039 | D:3      | Found a shimmering altar of Xom.
  2041 | D:3      | Found a hazy altar of Hepliaklqana.
  2041 | D:3      | Noticed a torpor snail
  2042 | D:3      | Noticed a spectral ugly thing
  2042 | D:3      | Noticed a torpor snail
  2417 | D:3      | Noticed Jessica
  2424 | D:3      | Killed Jessica
  2424 | D:3      | Reached XP level 6. HP: 40/49 MP: 11/15
  3467 | D:4      | Reached XP level 7. HP: 50/55 MP: 0/17
  3716 | D:4      | Found a glowing silver altar of Zin.
  4333 | D:5      | Entered Level 5 of the Dungeon
  4446 | D:5      | Found a staircase to the Ecumenical Temple.
  4450 | D:5      | Noticed Edmund
  4468 | D:5      | Killed Edmund
  4468 | D:5      | Reached skill level 8 in Ice Magic
  4478 | D:5      | Slain by a sky beast

Skill      XL: |  1  2  3  4  5  6  7 |
---------------+----------------------+-----
Conjurations   | 2 6 7 |  7.5
Spellcasting   | 6 7 |  7.1
Ice Magic      | 7 8 |  8.0
Dodging        | |  1.5
Stealth        | |  3.0

Action                   |  1- 3 |  4- 6 |  7- 9 || total
-------------------------+-------+-------+-------++-------
Melee: Unarmed           |     4 |       |       ||     4
       Dagger            |    18 |     8 |       ||    26
       Trident           |       |    37 |    17 ||    54
 Cast: Freeze            |    30 |    56 |    32 ||   118
       Throw Frost       |       |    16 |     3 ||    19
       Throw Icicle      |       |       |     1 ||     1
 Abil: Spit Poison       |     5 |     4 |     2 ||    11
  Use: Potion            |       |     7 |     5 ||    12
       Scroll            |       |     9 |     1 ||    10
 Stab: Sleeping          |       |     3 |       ||     3
       Distracted        |       |       |     1 ||     1
  Eat: Chunk             |       |     7 |     3 ||    10
Armor: Robe              |     6 |    17 |     8 ||    31
Dodge: Dodged            |    23 |    53 |    24 ||   100
